Workbook

Sheet RESUMEN EVALUACIÓN
A1: FONDO DE DESARROLLO LOCAL DE USAQUEN
A2: FDLUSA-LP-004-2019
A3: CONTRATAR A MONTO AGOTABLE SIN FORMULA DE AJUSTE LAS OBRAS DE INTERVENCIÓN, MANTENIMIENTO, REHABILITACIÓN Y ACTUALIZACIÓN DEL EQUIPAMIENTO Y MOBILIARIO DEL PARQUE 01-079 DENOMINADO URBANIZACIÓN EL TOBERIN CATALOGADO COMO VECINAL EN LA LOCALIDAD DE USAQUÉN EN BOGOTÁ D.C.
B5: Nombre de Oferente : | C5: INDICES FINANCIEROS | D5: CAPACIDAD JURIDICA | E5: CAPACIDAD TÉCNICA | F5: K RESIDUAL | G5: INFORME FINAL | H5: OBSERVACIONES
A6: 1 | B6: CONSORCIO CQ USAQUEN | C6: HÁBIL | D6: HABIL | E6: HÁBIL | F6: HÁBIL | G6: HABIL | H6: NINGUNA | I6: SUBSANO
A7: 2 | B7: CONSORCIO INTERAPIA USA | C7: HÁBIL | D7: HÁBIL | E7: HÁBIL | F7: HÁBIL | G7: HÁBIL | H7: NINGUNA | I7: SUBSANO
A8: 3 | B8: CONSORCIO MONSERRATE | C8: HÁBIL | D8: HÁBIL | E8: HÁBIL | F8: HÁBIL | G8: HÁBIL | H8: NINGUNA | I8: SUBSANO
A9: 4 | B9: CONSORCIO PARQUES CJ | C9: HÁBIL | D9: HÁBIL | E9: HÁBIL | F9: HÁBIL | G9: HÁBIL | H9: NINGUNA | I9: SUBSANO
A10: 5 | B10: CONSORCIO PARQUES USAQUEN | C10: HÁBIL | D10: RECHAZADO | E10: NO HÁBIL | F10: HÁBIL | G10: RECHAZADO | H10: Remitirse a la evaluación, financiera, juridica y/o técncia según corresponda. | I10: SUBSANO | J10: TECNICO | K10: JURIDICO
A11: 6 | B11: CONSORCIO SAN ALEJANDRO | C11: HÁBIL | D11: HABIL | E11: HÁBIL | F11: HÁBIL | G11: HABIL | H11: NINGUNA | I11: NO SUBSANO
A12: 7 | B12: CONSORCIO TOBERIN 04 | C12: HÁBIL | D12: HÁBIL | E12: HÁBIL | F12: HABIL | G12: HÁBIL | H12: NINGUNA | I12: SUBSANO | J12: JURIDICO
A13: 8 | B13: CONSORCIO UNIOBRAS 2020 USA | C13: HABIL | D13: HABIL | E13: HÁBIL | F13: HÁBIL | G13: HABIL | H13: NINGUNA | I13: SUBSANO | J13: FINANCIERO | K13: JURIDICO
A14: 9 | B14: CONSORCIO USAQUEN GV-CJS | C14: HÁBIL | D14: HABIL | E14: HÁBIL | F14: HABIL | G14: HABIL | H14: NINGUNA | I14: NO SUBSANO
A15: 10 | B15: CONSORCIO VALHER | C15: HABIL | D15: HÁBIL | E15: HÁBIL | F15: HÁBIL | G15: HÁBIL | H15: NINGUNA | I15: SUBSANO | J15: FINANCIERO | K15: JURIDICO
A16: 11 | B16: CUT | C16: HÁBIL | D16: HABIL | E16: HÁBIL | F16: HÁBIL | G16: HABIL | H16: NINGUNA | I16: SUBSANO | J16: JURIDICO
A17: 12 | B17: ESTUDIOS E INGENIERIA SAS | C17: HÁBIL | D17: HÁBIL | E17: HÁBIL | F17: HÁBIL | G17: HÁBIL | H17: NINGUNA | I17: NO SUBSANO
A18: 13 | B18: GOARCO S.A.S | C18: HÁBIL | D18: HABIL | E18: HÁBIL | F18: HÁBIL | G18: HABIL | H18: NINGUNA | I18: SUBSANO
A19: 14 | B19: IMAGEN Y MARCA S.A.S | C19: HÁBIL | D19: HÁBIL | E19: HÁBIL | F19: NO HABIL | G19: NO HÁBIL | H19: Remitirse a la evaluación, financiera, juridica y/o técncia según corresponda. | I19: SUBSANO | J19: TECNICO
A20: 15 | B20: INGEDEUR SAS | C20: HÁBIL | D20: HABIL | E20: HÁBIL | F20: HÁBIL | G20: HABIL | H20: NINGUNA | I20: SUBSANO | J20: JURIDICO
A21: 16 | B21: PROFESIONALES ASOCIADOS LTDA | C21: HÁBIL | D21: HÁBIL | E21: HÁBIL | F21: HÁBIL | G21: HÁBIL | H21: NINGUNA | I21: SUBSANO
A22: 17 | B22: SIMA LTDA | C22: HÁBIL | D22: HABIL | E22: HÁBIL | F22: HÁBIL | G22: HABIL | H22: NINGUNA | I22: NO SUBSANO
B26: COMITÉ JURIDICO EVALUADOR: | H26: COMITÉ TECNICO EVALUADOR:
B27: DANIEL BARACALDO | H27: ESTEBAN MARTINEZ
B28: MONICA HERNANDEZ | H28: FREDY SANCHEZ
B29: ISAURO ALVARADO | H29: CHRISTIAN CERINZA
B30: GABRIEL RADA | H30: RODRIGO PUENTES
B32: COMITÉ FINANCIERO EVALUADOR:
B33: JEISON ORTIZ
B34: JUAN MANUEL BARRERA

Sheet EVALUACION
A2: FDLUSA-LP-004-2019
A3: REQUISITOS HABILITANTES TÉCNICOS
A6: =+'RESUMEN EVALUACIÓN'!A6 -> 1 | B6: =+'RESUMEN EVALUACIÓN'!B6 -> CONSORCIO CQ USAQUEN
A7: CONDICIONES DE EXPERIENCIA | H7: CONDICION N°. 1 (VER TABLA AL FINAL DE LA HOJA) | J7: CONDICION N° 2 (VER TABLA AL FINAL DE LA HOJA) | L7: CONDICION N°. 3 (VER TABLA AL FINAL DE LA HOJA) | N7: CODIGO UNSPSC 492415, 721531, 721413, 721411,721033, 721029, 492215, 561016, 561019 | O7: FORMATO Nro. 7 PERSONAL MÍNIMO REQUERIDO | P7: FORMATO Nro.14 REQUISITOS MINIMOS HABILITANTES TECNICOS MAQUINARIA | Q7: FORMATO Nro. 16 ACUERDO DE NIVELES DE SERVICIOS (ANS) | R7: Observación y respuesta a observaciones
A8: Objeto del Contrato | B8: Empleador | C8: Cargo | D8: Valor Contrato | E8: Valor del Contrato en SMMLV | F8: Participación UT/CONSORCIO | G8: Participación en SMMLV | H8: Cantidad exigida | I8: Cantidad aportada | J8: Término de ejecución exigido | K8: Término de ejecución aportado | L8: Valor exigido SMMLV | M8: Valor aportado
A9: M&C CONSTRUCCIONES SAS - 70%
A10: CONSTRUCCION DE UN PARQUE LINEAL DE ACCESO AL MUNICIPIO DE TAMALAMEQUE EN EL DEPARTAMENTO DEL CESAR | B10: MUNICIPIO DE TAMALAMEQUE | C10: CONTRATISTA | D10: 4726996732 | E10: =+D10/F287 -> 6050.6178 | F10: 0.2 | G10: =+E10*F10 -> 1210.1236 | H10: 16000 | I10: =8079.98*F10 -> 1615.996 | J10: Del 26/11/1999 al 25/11/2019 | K10: Del 16/11/2017 al 14/07/2018 | L10: =+$C$246 -> 2613.2566 | M10: =+G10 -> 1210.1236 | N10: CUMPLE, 492415 | O10: CUMPLE | P10: CUMPLE | Q10: CUMPLE | S10: formato no 6. pag 166 documento capacidad tecnica 492415 PAG 98
A11: CONTRATAR POR EL SISTEMA DE PRECIOS UNITARIOS FIJOS, SIN FORMULA DE AJUSTE, EL MANTENIMIENTO Y LA RECUPERACION INTEGRAL, PREVENTIVA Y CORRECTIVA DE TODA LA INFRAESTRUCTURA FISICA DE LOS PARQUES VECINALES QUE CONFORMAN EL SISTEMA DISTRITAL DE PARQUES | B11: INSTITUTO DISTRITAL DE RECREACION Y DEPORTE | C11: CONTRATISTA | D11: 1879273758 | E11: =+D11/F280 -> 3508.7262 | F11: 1 | G11: =+E11*F11 -> 3508.7262 | I11: 0 | J11: Del 26/11/1999 al 25/11/2019 | K11: Del 05/08/2010 al 28/02/2011 | M11: =+G11 -> 3508.7262 | N11: CUMPLE, 492415 | R11: SE SOLICITA AL PROPONENTE QUE ACLARE LAS AREAS INTERVENIDAS EN VIRTUD A QUE EN LA DOCUMENTACION APORTADA NO APARECEN DISCRIMINADOS ESTOS DATOS, ASI MISMO SE SOLICITA QUE LOS DOCUMENTOS APORTADOS SEAN LEGIBLES PARA SU CORRECTA REVISION. | S11: documento consorcial pag 22 documento capacidad juridica 492415 PAG 130
A12: El contratista se compromete a ejecutar para la instituto, por el sistema de precios unitarios fijos sin formula de reajuste, las obras para la construccion y remodelacion de parques del barrio del distrito capital de acuerdo con las especificaciones tecnicas contenidas en el pliego de condiciones | B12: INSTITUTO DISTRITAL DE RECREACION Y DEPORTE | C12: CONTRATISTA | D12: 5008932500 | E12: =+D12/F270 -> 17513.75 | F12: 0.45 | G12: =+E12*F12 -> 7881.1875 | I12: =121070*F12 -> 54481.5 | J12: Del 26/11/1999 al 25/11/2019 | K12: Del 14/03/2000 al 13/01/2001 | M12: =+G12 -> 7881.1875 | N12: CUMPLE, 721531 | S12: formato no 14 pag 100 documento k recidual
A14: CQK CONSTRUCCIONES SAS - 30%
A15: CONSTRUCCION DE UN PARQUE LINEAL DE ACCESO AL MUNICIPIO DE TAMALAMEQUE EN EL DEPARTAMENTO DEL CESAR | B15: MUNICIPIO DE TAMALAMEQUE | C15: CONTRATISTA | D15: 4726996732 | E15: =+D15/F287 -> 6050.6178 | F15: 0.8 | G15: =+E15*F15 -> 4840.4942 | I15: =8079.98*F15 -> 6463.984 | J15: Del 26/11/1999 al 25/11/2019 | K15: Del 16/11/2017 al 14/07/2018 | M15: =+G15 -> 4840.4942 | N15: CUMPLE, 492415
A16: TOTALES | H16: CUMPLE | I16: =SUM(I10:I15) -> 62561.48 | J16: CUMPLE | L16: CUMPLE | M16: =SUM(M10:M15) -> 17440.531 | N16: CUMPLE
A17: EXPERIENCIA DEL PROPONENTE | N17: CUMPLE
A20: =+'RESUMEN EVALUACIÓN'!A7 -> 2 | B20: =+'RESUMEN EVALUACIÓN'!B7 -> CONSORCIO INTERAPIA USA
A21: CONDICIONES DE EXPERIENCIA | H21: CONDICION N°. 1 (VER TABLA AL FINAL DE LA HOJA) | J21: CONDICION N° 2 (VER TABLA AL FINAL DE LA HOJA) | L21: CONDICION N°. 3 (VER TABLA AL FINAL DE LA HOJA) | N21: CODIGO UNSPSC 492415, 721531, 721413, 721411,721033, 721029, 492215, 561016, 561019 | O21: FORMATO Nro. 7 PERSONAL MÍNIMO REQUERIDO | P21: FORMATO Nro.14 REQUISITOS MINIMOS HABILITANTES TECNICOS MAQUINARIA | Q21: FORMATO Nro. 16 ACUERDO DE NIVELES DE SERVICIOS (ANS) | R21: Observación y respuesta a observaciones
A22: Objeto del Contrato | B22: Empleador | C22: Cargo | D22: Valor Contrato | E22: Valor del Contrato en SMMLV | F22: Participación UT/CONSORCIO | G22: Participación en SMMLV | H22: Cantidad exigida | I22: Cantidad aportada | J22: Término de ejecución exigido | K22: Término de ejecución aportado | L22: Valor exigido SMMLV | M22: Valor aportado
A23: INTER INGENIERÍA S.A.S - 70%
A24: REALIZAR EL MANTENIMIENTO ADECUACION DOTACION Y/O CONSTRUCCION DE PARQUES DE ESCALA VECINAL DE LA LOCALIDAD DE BOSA | B24: FDL BOSA | C24: CONTRATISTA | D24: 3015062500 | E24: 4680.01 | F24: 0.5 | G24: =+E24*F24 -> 2340.005 | H24: 16000 | I24: =10018.63*F24 -> 5009.315 | J24: Del 26/11/1999 al 25/11/2019 | K24: Del 17/12/2014 al 16/12/2015 | L24: =+$C$246 -> 2613.2566 | M24: =+G24 -> 2340.005 | N24: CUMPLE 492415 | O24: CUMPLE | P24: CUMPLE | Q24: CUMPLE | R24: UNA VEZ VERIFICADO EL CERTIFICADO DE ESTE CONTRATO SE ENCONTRO QUE NO SE TUVO EN CUENTA EL VALOR DE LA ADICION, POR LO TANTO EL FDLUSA CORRIGE EL VALOR CONSIGNADO EN EL RUP. PARA EL CALCULO DEL AREA INTERVENIDA EN EL CONTRATO SE TOMARON EN CUENTA LOS SIGUIENTES ITEMS: 3,4,5,6,7,8,32,41,49,NP49 Y NP 60 DEL ACTA DE RECIBO FINAL. | S24: RUP PAG 21
A25: EJECUTARO POR EL SISTEMA DE PRECIOS UNITARIOS FIJOS SIN FORMULA DE AJUSTE LA CONSTRUCCION, MANTENIMIENTO, ADECUACION Y DOTACION DE DIFERENTES PARQUES DE LA LOCALIDAD DE BOSA, INCLUIDO EL ESPACIO PUBLICO ASOCIADO | B25: FDL BOSA | C25: CONTRATISTA | D25: 5846542244 | E25: =+D25/F285 -> 8479.9476 | F25: 0.5 | G25: =+E25*F25 -> 4239.9738 | I25: =17740.81*F25 -> 8870.405 | J25: Del 26/11/1999 al 25/11/2019 | K25: Del 24/08/2015 al 23/07/2016 | M25: =+G25 -> 4239.9738 | N25: CUMPLE 492415 | R25: UNA VEZ VERIFICADO EL CERTIFICADO DE ESTE CONTRATO SE ENCONTRO QUE NO SE TUVO EN CUENTA EL VALOR DE LA ADICION, POR LO TANTO EL FDLUSA CORRIGE EL VALOR INCLUYENDO LA ADICION MENCIONADA. PARA EL CALCULO DEL AREA INTERVENIDA EN EL CONTRATO SE TOMARON EN CUENTA LOS SIGUIENTES ITEMS: 3,5,7,8,9,40,47,133,137,139,NP14 Y NP15 DEL ACTA DE RECIBO FINAL | S25: RUP PAG 23
A26: REALIZAR EL MANTENIMIENTO Y/O DOTACION DE PARQUES VECINALES Y DE BOLSILLO, POR EL SISTEMA DE PRECIOS UNITARIOS SIN FORMULA DE AJUSTE Y MONTO AGOTABLE | B26: FDL BOSA | C26: CONTRATISTA | D26: 1851020770 | E26: =+D26/F286 -> 2509.1204 | F26: 0.5 | G26: =+E26*F26 -> 1254.5602 | I26: =3490.71*F26 -> 1745.355 | J26: Del 26/11/1999 al 25/11/2019 | K26: Del 26/01/2016 al 29/04/2017 | M26: =+G26 -> 1254.5602 | N26: CUMPLE 492415 | R26: UNA VEZ VERIFICADO EL CERTIFICADO DE ESTE CONTRATO SE ENCONTRO QUE NO SE TUVO EN CUENTA EL VALOR DE LA ADICION, POR LO TANTO EL FDLUSA CORRIGE EL VALOR INCLUYENDO LA ADICION MENCIONADA. | S26: RUP PAG 28
A28: APIA PROYECTOS Y SOLUCIONES SAS - 30%
A29: EL CONTRATISTA SE OBLIGA PARA CON EL FONDO A EJECUTAR POR EL SISTEMA DE PRECIOS UNITARIOS FIJOS SIN FORMULA DE REAJUSTE Y A MONTO AGOTABLE LAS OBRAS NECESARIAS PARA LA CONSTRUCCIÓN, ADECUACIÓN, MANTENIMIENTO Y/O DOTACIÓN DE MOBILIARIO DE LOS DIFERENTES PARQUES VECINALES Y DE BOLSILLO DE LA LOCALIDAD DE BOSA, DE CONFORMIDAD CON LAS ACTIVIDADES, CONDICIONES, ESPECIFICACIONES Y OBLIGACIONES ESTABLECIDAS EN EL ANEXO TECNICO, | B29: FDL BOSA | C29: CONTRATISTA | D29: 6363440257 | E29: =+D29/F286 -> 8625.8555 | F29: 0.23 | G29: =+E29*F29 -> 1983.9468 | I29: =23176.79*F29 -> 5330.6617 | J29: Del 26/11/1999 al 25/11/2019 | K29: Del 24/01/2017 al 30/11/2017 | M29: =+G29 -> 1983.9468 | N29: CUMPLE 492415 | R29: La entidad modifca la fecha de inicio del contrato, según certificación allegada por el proponente. Cabe aclarar que en formato no 6 enuncia el contrato 206 de 2017, pero en la certificacion este aparece con numero de contrato 154 de 2016 | S29: RUP PAG 33
A30: TOTALES | H30: CUMPLE | I30: =SUM(I24:I29) -> 20955.737 | J30: CUMPLE | L30: CUMPLE | M30: =SUM(M24:M29) -> 9818.4857 | N30: CUMPLE | R30: PARA LA DOCUMENTACION DE LA MAQUINARIA SE TUVO EN CUENTA LA SUMINISTRADA POR EL PROPONENTE EN LA CARPETA MAQUINARIA.
A31: EXPERIENCIA DEL PROPONENTE | N31: CUMPLE
A34: =+'RESUMEN EVALUACIÓN'!A8 -> 3 | B34: =+'RESUMEN EVALUACIÓN'!B8 -> CONSORCIO MONSERRATE
A35: CONDICIONES DE EXPERIENCIA | H35: CONDICION N°. 1 (VER TABLA AL FINAL DE LA HOJA) | J35: CONDICION N° 2 (VER TABLA AL FINAL DE LA HOJA) | L35: CONDICION N°. 3 (VER TABLA AL FINAL DE LA HOJA) | N35: CODIGO UNSPSC 492415, 721531, 721413, 721411,721033, 721029, 492215, 561016, 561019 | O35: FORMATO Nro. 7 PERSONAL MÍNIMO REQUERIDO | P35: FORMATO Nro.14 REQUISITOS MINIMOS HABILITANTES TECNICOS MAQUINARIA | Q35: FORMATO Nro. 16 ACUERDO DE NIVELES DE SERVICIOS (ANS) | R35: Observación y respuesta a observaciones
A36: Objeto del Contrato | B36: Empleador | C36: Cargo | D36: Valor Contrato | E36: Valor del Contrato en SMMLV | F36: Participación UT/CONSORCIO | G36: Participación en SMMLV | H36: Cantidad exigida | I36: Cantidad aportada | J36: Término de ejecución exigido | K36: Término de ejecución aportado | L36: Valor exigido SMMLV | M36: Valor aportado
A37: HN INGENIERIA SAS- 50%
A38: CONTRATAR POR EL SISTEMA DE PREC!O GLOBAL FIJO LOS ESTUDIOS Y DISEÑOS TÉCNICOS Y POR EL SISTEMA DE PRECIOS UNITARIOS FIJOS SIN FÓRMULA DE AJUSTE, LAS OBRAS DE CONSTRUCC:ON 190 ADECUACIÓN CE PARQUES CE LA RED LOCAL DE BOGOTÁ, D C EN LAS ÁREAS DE MEJORA» EUTO INTEGRAL PR:ORIZADAS POR LA SDHT EN EL MARCO DEL PLAN DE DESARROLLO 2012-2916 BOGOTA HUMANA | B38: IDRD | C38: CONTRATISTA | D38: 7362873687 | E38: =+D38/F284 -> 11426.823 | F38: 0.5 | G38: =+E38*F38 -> 5713.4117 | H38: 16000 | I38: =91256*F38 -> 45628 | J38: Del 26/11/1999 al 25/11/2019 | K38: Del 03/02/2014 al 02/02/2015 | L38: =+$C$246 -> 2613.2566 | M38: =+G38 -> 5713.4117 | N38: CUMPLE 492415 | O38: CUMPLE | P38: CUMPLE | Q38: CUMPLE | S38: RUP PAG 23
A40: VICTOR RAUL NEIRA DEL VASTO - 50%
A41: CONTRATAR POR EL SISTEMA DE PRECIOS UNITARIOS FIJOS SIN FORMULA DE REAJUSTE LA RECUPERACION Y MANTEN Y ENTO DE LAS SUPERFIC•ES PISOS DUROS DE LOS PARQUES VECINALES Y DE BOLSILLO DEBIDAMENTE CERTIFICADOS POR EL IDRO Y EL DADEP Y QUE COMPONEN EL SISTEMA DISTRffAL DE PARQUES PARA EL GRUPO 3 | B41: IDRD | C41: CONTRATISTA | D41: 1333999832 | E41: =+D41/F278 -> 2684.6445 | F41: 0.2 | G41: =+E41*F41 -> 536.92889 | I41: =51800*F41 -> 10360 | J41: Del 26/11/1999 al 25/11/2019 | K41: Del 16/09/2008 al 15/05/2009 | M41: =+G41 -> 536.92889 | N41: CUMPLE 492415 | S41: EXPERIENCIA FORMATO 6 PAG 116 DOCUMENTO TECNIOCOS MONSERRATE RUP PAG 70
A42: CONTRATAR POR EL SISTEMA DE PRECIOS UNITARIOS FIJOS SIN FORMULA CE REAJUSTE LA RECUPERACION Y MANTEN Y Et4TO CES LAS SUPERFICIES PISOS DUROS DE LOS PARQUES VECINALES Y CE BOLS LLO DEBIDAMENTE CERTIFICADOS POR El IDRD Y EL DADEP Y QUE COMPONEN EL SISTEMA DISTRITAL DE PARQUES PARA EL GRUPO 2 | B42: IDRD | C42: CONTRATISTA | D42: 1517998672 | E42: =+D42/F278 -> 3054.938 | F42: 0.2 | G42: =+E42*F42 -> 610.98759 | I42: =62500*F42 -> 12500 | J42: Del 26/11/1999 al 25/11/2019 | K42: Del 16/09/2008 al 15/05/2009 | M42: =+G42 -> 610.98759 | N42: CUMPLE 492415 | S42: RUP PAG 72
A43: REALIZAR LAS OBRAS CIVILES NECESARIAS PARA EL MEJORAMIETO MANTENIMIENTO Y EQUIPAMIENTO DE ANDENES, PARQUES Y ESCENARIOS DEPORTIVOS DE LA LOCALIDAD DE BARRIOS UNIDOS | B43: FDL BARRIOS UNIDOS | C43: CONTRATISTA | D43: 1252232996 | E43: =+D43/F284 -> 1943.405 | F43: 0.3 | G43: =+E43*F43 -> 583.02149 | I43: =3420.04*F43 -> 1026.012 | J43: Del 26/11/1999 al 25/11/2019 | K43: Del 11/02/2015 al 10/08/2015 | M43: =+G43 -> 583.02149 | N43: CUMPLE 492415 | S43: RUP PAG 98
A44: TOTALES | H44: CUMPLE | I44: =SUM(I38:I43) -> 69514.012 | J44: CUMPLE | L44: CUMPLE | M44: =SUM(M38:M42) -> 6861.3282 | N44: CUMPLE | R44: EL PROPONENTE SUBSANO EL FORMATO Nro. 7 PERSONAL MÍNIMO REQUERIDO
A45: EXPERIENCIA DEL PROPONENTE | N45: CUMPLE
A48: =+'RESUMEN EVALUACIÓN'!A9 -> 4 | B48: =+'RESUMEN EVALUACIÓN'!B9 -> CONSORCIO PARQUES CJ
A49: CONDICIONES DE EXPERIENCIA | H49: CONDICION N°. 1 (VER TABLA AL FINAL DE LA HOJA) | J49: CONDICION N° 2 (VER TABLA AL FINAL DE LA HOJA) | L49: CONDICION N°. 3 (VER TABLA AL FINAL DE LA HOJA) | N49: CODIGO UNSPSC 492415, 721531, 721413, 721411,721033, 721029, 492215, 561016, 561019 | O49: FORMATO Nro. 7 PERSONAL MÍNIMO REQUERIDO | P49: FORMATO Nro.14 REQUISITOS MINIMOS HABILITANTES TECNICOS MAQUINARIA | Q49: FORMATO Nro. 16 ACUERDO DE NIVELES DE SERVICIOS (ANS) | R49: Observación y respuesta a observaciones
A50: Objeto del Contrato | B50: Empleador | C50: Cargo | D50: Valor Contrato | E50: Valor del Contrato en SMMLV | F50: Participación UT/CONSORCIO | G50: Participación en SMMLV | H50: Cantidad exigida | I50: Cantidad aportada | J50: Término de ejecución exigido | K50: Término de ejecución aportado | L50: Valor exigido SMMLV | M50: Valor aportado
A51: CONSULTORIA Y CONSTRUCCIÓN S.A.S. CON & CON - 50%
A52: CONTRATAR A PRECIOS UNITARIOS FIJOS, LA RECUPERACION Y MANTENIMIENTO DE LAS SUPERFICIES, PISOS DUROS DE LOS PARQUES DE ESCALA ZONALES, METROPOLITANOS Y REGIONAL DEBIDAMENTE CERTIFICADOS Y GEOREFERENCIADOS POR EL IDRD Y EL DADEP Y QUE COMPONEN EL SISTEMA DISTRITAL DE PARQUES | B52: IDRD | C52: CONTRATISTA | D52: 4060000000 | E52: =+D52/F286 -> 5503.4654 | F52: 0.5 | G52: =+E52*F52 -> 2751.7327 | H52: 16000 | I52: =31530*F52 -> 15765 | J52: Del 26/11/1999 al 25/11/2019 | K52: Del 31/01/2017 al 30/09/2017 | L52: =+$C$246 -> 2613.2566 | M52: =+G52 -> 2751.7327 | N52: CUMPLE 492415 | O52: CUMPLE | P52: CUMPLE | Q52: CUMPLE | S52: RUP PSG 364
A53: CONTRATAR A PRECIOS UNITARIOS FIJOS, SIN FORMULA DE AJUSTE A MONTO AGOTABLE EL MANTENIMIENTO Y DOTACIÓN DE LOS PARQUES VECINALES Y DE BOLSILLO DE LA LOCALIDAD DE USME EN BOGOTÁ DISTRITO CAPITAL | B53: ALCALDIA LOCAL DE USME | C53: CONTRATISTA | D53: 4939405492 | E53: =+D53/F288 -> 5964.6299 | F53: 0.51 | G53: =+E53*F53 -> 3041.9613 | I53: =4933.18*F53 -> 2515.9218 | J53: Del 26/11/1999 al 25/11/2019 | K53: Del 27/02/2018 al 25/02/2019 | M53: =+G53 -> 3041.9613 | N53: CUMPLE 492415 | R53: PARA EL CALCULO DEL AREA INTERVENIDA EN EL CONTRATO SE TOMARON EN CUENTA LOS SIGUIENTES ITEMS: 19,3, 20,2 Y 22,2 DEL ACTA DE RECIBO FINAL | S53: RUP PSG 404
A55: JAG INGENIERÍA S.A.S - 50%
A56: REALIZAR POR EL SISTEMA DE PRESIOS UNITARIOS FIJOS, SIN FORMULA DE AJUSTE, LA RECUPERACIÓN Y EL MANTENIMIENTO DE LAS SUPERFICIES, PISOS DUROS DE LOS PARQUES DEBIDAMENTE CERTIFICADOS Y GEO REFERENCIADOS POR EL IDRD Y EL DADEP PARA EL GRUPO 3 | B56: IDRD | C56: CONTRATISTA | D56: 1669983121 | E56: =+D56/F279 -> 3242.6857 | F56: 0.5 | G56: =+E56*F56 -> 1621.3428 | I56: =12189.98*F56 -> 6094.99 | J56: Del 26/11/1999 al 25/11/2019 | K56: Del 15/09/2009 al 14/06/2010 | M56: =+G56 -> 1621.3428 | N56: CUMPLE 492415 | R56: PARA EL CALCULO DEL AREA INTERVENIDA EN EL CONTRATO SE TOMARON EN CUENTA LOS SIGUIENTES ITEMS: 6,2, 6,3, 9,2, 9,5, 9,6, 9,7, 9,8, 9,9, 11,3, 12,1, 12,3, 12,6 y NP 001 DEL ACTA DE RECIBO FINAL
A57: EL DISEÑO Y LAS OBRAS DE CONSTRUCCION, ADECUACION Y MANTENIMIENTO DE PARQUES DE LA LOCALIDAD DE SANTA FE EN BOGOTÁ D.C. | B57: ALCALDIA LOCAL DE SANTA FE | C57: CONTRATISTA | D57: 1350000000 | E57: =+D57/F282 -> 2290.0763 | F57: 0.67 | G57: =+E57*F57 -> 1534.3511 | I57: =4178.37*F57 -> 2799.5079 | J57: Del 26/11/1999 al 25/11/2019 | K57: Del 10/01/2013 al 09/09/2013 | M57: =+G57 -> 1534.3511 | N57: CUMPLE 492415 | R57: PARA EL CALCULO DEL AREA INTERVENIDA EN EL CONTRATO SE TOMARON EN CUENTA LOS SIGUIENTES ITEMS:12001, 12017, 10070, 12059, 12055, 10289, 10835, 12014 DEL ACTA DE RECIBO FINAL
A58: TOTALES | H58: CUMPLE | I58: =SUM(I52:I57) -> 27175.42 | J58: CUMPLE | L58: CUMPLE | M58: =SUM(M52:M57) -> 8949.388 | N58: CUMPLE
A59: EXPERIENCIA DEL PROPONENTE | N59: CUMPLE
A62: =+'RESUMEN EVALUACIÓN'!A10 -> 5 | B62: =+'RESUMEN EVALUACIÓN'!B10 -> CONSORCIO PARQUES USAQUEN
A63: CONDICIONES DE EXPERIENCIA | H63: CONDICION N°. 1 (VER TABLA AL FINAL DE LA HOJA) | J63: CONDICION N° 2 (VER TABLA AL FINAL DE LA HOJA) | L63: CONDICION N°. 3 (VER TABLA AL FINAL DE LA HOJA) | N63: CODIGO UNSPSC 492415, 721531, 721413, 721411,721033, 721029, 492215, 561016, 561019 | O63: FORMATO Nro. 7 PERSONAL MÍNIMO REQUERIDO | P63: FORMATO Nro.14 REQUISITOS MINIMOS HABILITANTES TECNICOS MAQUINARIA | Q63: FORMATO Nro. 16 ACUERDO DE NIVELES DE SERVICIOS (ANS) | R63: Observación y respuesta a observaciones
A64: Objeto del Contrato | B64: Empleador | C64: Cargo | D64: Valor Contrato | E64: Valor del Contrato en SMMLV | F64: Participación UT/CONSORCIO | G64: Participación en SMMLV | H64: Cantidad exigida | I64: Cantidad aportada | J64: Término de ejecución exigido | K64: Término de ejecución aportado | L64: Valor exigido SMMLV | M64: Valor aportado
A65: SOLUCIONES INSTRUMENTALES DE COLOMBIA - SICOL LTDA - 50%
A66: MANTENIMIENTO Y REPARACIONES LOCATIVAS A LAS UNIDADES DE PROTECCIÓN INTEGRAL (UPI) DE IDIPRON UPI OASIS, UPI LA RIOJA, UPR PERDOMO Y UPI LA FLORIDA DE ACUERDO CON LAS ESPECIFICACIONES TÉCNICAS REQUERIDAS (SOLO SE RELACIONA LA EXPERIENCIA CORRESPONDIENTE A LAS ACTIVIDADES CORRESPONDIENTES AL CONTRATO DE ESPACIOS DEPORTIVOS Y RELACIONADAS CON EL OBJETO DEL CONTRATO) | B66: IDIPRON | C66: CONTRATISTA | D66: 3577042937 | E66: =+D66/F286 -> 4848.801 | F66: 0.49 | G66: =+E66*F66 -> 2375.9125 | H66: 16000 | I66: =20751.27*F66 -> 10168.122 | J66: Del 26/11/1999 al 25/11/2019 | K66: Del 15/02/2017 al 14/11/2017 | L66: =+$C$246 -> 2613.2566 | M66: =+G66 -> 2375.9125 | N66: CUMPLE 721413 | O66: CUMPLE | P66: CUMPLE | Q66: CUMPLE | R66: EL PROPONENTE SUBSANA ANEXANDO LA CERTIFICACIÓN PARA EL CONTRATO 2719 DE 2016 DONDE SE TOMA EL ÁREA INTERVENIDA DE 20751,27 PARA ZONAS DE ALAMEDAS, CANCHAS, ANDENES, PLAZOLETAS, BIOSALUDABLES.
A68: PAVIGAS S.A.S. - 50%
A69: construccion de recuperacion del espacio publico y mejoramiento de la avenida santander sector comercial del municipio de Barrancabermeja | B69: ALCALDIA MUNICIPAL DE BARRANCABERMEJA | C69: CONTRATISTA | D69: 0 | F69: 0.5 | G69: =+E69*F69 -> 0 | J69: Del 26/11/1999 al 25/11/2019 | K69: Del 02/02/2007 al 27/12/2007 | M69: =+G69 -> 0 | N69: CUMPLE 721411 | S69: RUP PG 17
A70: construccion del parque intercambiador vial neomundo y obras complementarias del municipio de Bucaramanga | B70: ALCALDIA MUNICIPAL DE BUCARAMAGA | C70: CONTRATISTA | D70: 5.757362e+10 | E70: =+D70/F286 -> 78042.963 | F70: 0.25 | G70: =+E70*F70 -> 19510.741 | I70: =21386.36*F70 -> 5346.59 | J70: Del 26/11/1999 al 25/11/2019 | K70: DEL 15/02/2017 AL 01/11/2017 | M70: =+G70 -> 19510.741 | N70: CUMPLE 721531 | R70: EL PROPONENTE ANEXA EN LA SUBSANACION UN CUADRO RESUMEN EN DONDE CONSOLIDA LAS AREAS REFERENTES A ALGUNO DE LOS REQUISITOS DE CONSTRUCCION, INTERVENCION, MANTENIMIENTO, REHABILITACION, ACTUALIZACION Y ADECUACION DE PARQUES O PLAZOLETAS O CAMPOS DEPORTIVOS. NO HA SIDO POSIBLE CONSTATAR EL AREA PRESENTADA POR EL PROPONENTE, DEBIDO A QUE REALIZA UNAS CONVERSIONES DE VOLUMEN A AREA QUE NO SON CLARAS PARA SER INCLUIDAS DENTRO DE LA SUMA DE AREAS, TENIENDO EN CUENTA LO ANTERIOR SE TOMA COMO AREA INTERVENIDA LA DESCRITA EN EL CERTIFICADO DEL CONTRATO, CON UN AREA DE 21386,36 M2. | S70: RUP PG 26
A71: TOTALES | H71: NO CUMPLE | I71: =SUM(I66:I70) -> 15514.712 | J71: CUMPLE | L71: CUMPLE | M71: =SUM(M66:M70) -> 21886.653 | N71: CUMPLE
A72: EXPERIENCIA DEL PROPONENTE | N72: NO CUMPLE
A75: =+'RESUMEN EVALUACIÓN'!A11 -> 6 | B75: =+'RESUMEN EVALUACIÓN'!B11 -> CONSORCIO SAN ALEJANDRO
A76: CONDICIONES DE EXPERIENCIA | H76: CONDICION N°. 1 (VER TABLA AL FINAL DE LA HOJA) | J76: CONDICION N° 2 (VER TABLA AL FINAL DE LA HOJA) | L76: CONDICION N°. 3 (VER TABLA AL FINAL DE LA HOJA) | N76: CODIGO UNSPSC 492415, 721531, 721413, 721411,721033, 721029, 492215, 561016, 561019 | O76: FORMATO Nro. 7 PERSONAL MÍNIMO REQUERIDO | P76: FORMATO Nro.14 REQUISITOS MINIMOS HABILITANTES TECNICOS MAQUINARIA | Q76: FORMATO Nro. 16 ACUERDO DE NIVELES DE SERVICIOS (ANS) | R76: Observación y respuesta a observaciones
A77: Objeto del Contrato | B77: Empleador | C77: Cargo | D77: Valor Contrato | E77: Valor del Contrato en SMMLV | F77: Participación UT/CONSORCIO | G77: Participación en SMMLV | H77: Cantidad exigida | I77: Cantidad aportada | J77: Término de ejecución exigido | K77: Término de ejecución aportado | L77: Valor exigido SMMLV | M77: Valor aportado
A78: PROMOTORA NACIONAL DE CONSTRUCCIONES S.A.S (PRONACON SAS)- 50%
A79: Ejecucion de estudios, diseños, construcción y puesta en funcionamiento de un parque recreo deportivo ubicado en la urbanización la propesridad en el municipio del agrado, departamento de huila. | B79: FINDETER | C79: CONTRATISTA | D79: 2793172097 | E79: =+D79/F288 -> 3372.9237 | F79: 0.4 | G79: =+E79*F79 -> 1349.1695 | H79: 16000 | I79: =13364.51*F79 -> 5345.804 | J79: Del 26/11/1999 al 25/11/2019 | K79: Del 26/10/2018 al 26/02/2019 | L79: =+$C$246 -> 2613.2566 | M79: =+G79 -> 1349.1695 | N79: CUMPLE 492415 | O79: CUMPLE | P79: CUMPLE | Q79: CUMPLE | S79: RUP PG 311
A80: Construcción de parques recreo - deportivos en urbanizaciones donde se desarrolla el programa de 100.000 viviendas – zona norte grupo 6 – Santa marta. | B80: FINDETER | C80: CONTRATISTA | D80: 3911964776 | E80: =+D80/F285 -> 5673.9958 | F80: 0.3 | G80: =+E80*F80 -> 1702.1987 | I80: =31320*F80 -> 9396 | J80: Del 26/11/1999 al 25/11/2019 | K80: Del 14/03/2016 al 25/12/2016 | M80: =+G80 -> 1702.1987 | N80: CUMPLE 492415 | S80: RUP PG 139
A81: Contratar por el sistema de preciosunitarios fijos, las obras de Construcción y/o adecuación de parques en las áreas de mejoramiento integral Priorizadas por la SDHT en el marco del Convenio Interadministrativo No. 219(2017 — IDRD) del 20 de abril de 2015, con cargo al proyecto de inversión 1082: Construcción y adecuación de parques y equipamientos para todos. | B81: IDRD | C81: CONTRATISTA | D81: 4737787374 | E81: =+D81/F287 -> 6064.4299 | F81: 0.33 | G81: =+F81*E81 -> 2001.2619 | I81: 0 | J81: Del 26/11/1999 al 25/11/2019 | K81: Del 30/10/2017 al 18/12/2018 | M81: =+G81 -> 2001.2619 | N81: CUMPLE 492415
A82: HECTOR JULIO CASALLAS ORDOÑEZ- 25%
A83: Contratar por el sistema de preciosunitarios fijos, las obras de Construcción y/o adecuación de parques en las áreas de mejoramiento integral Priorizadas por la SDHT en el marco del Convenio Interadministrativo No. 219(2017 — IDRD) del 20 de abril de 2015, con cargo al proyecto de inversión 1082: Construcción y adecuación de parques y equipamientos para todos. | B83: IDRD | C83: CONTRATISTA | D83: 4737787374 | E83: =+D83/F287 -> 6064.4299 | F83: 0.33 | G83: =+E83*F83 -> 2001.2619 | I83: 0 | J83: Del 26/11/1999 al 25/11/2019 | K83: Del 30/10/2017 al 18/12/2018 | M83: =+G83 -> 2001.2619 | N83: CUMPLE 492415
A84: JOHN WILLIAM CASALLAS JURADO- 25%
A85: Construcción de parques recreo - deportivos en urbanizaciones donde se desarrolla el programa de 100.000 viviendas – zona norte grupo 6 – Santa marta. | B85: FINDETER | C85: CONTRATISTA | D85: 3911964776 | E85: =+D85/F285 -> 5673.9958 | F85: 0.3 | G85: =+E85*F85 -> 1702.1987 | I85: =31320*F85 -> 9396 | J85: Del 26/11/1999 al 25/11/2019 | K85: Del 14/03/2016 al 25/12/2016 | M85: =+G85 -> 1702.1987 | N85: CUMPLE 492415
A86: Contratar por el sistema de preciosunitarios fijos, las obras de Construcción y/o adecuación de parques en las áreas de mejoramiento integral Priorizadas por la SDHT en el marco del Convenio Interadministrativo No. 219(2017 — IDRD) del 20 de abril de 2015, con cargo al proyecto de inversión 1082: Construcción y adecuación de parques y equipamientos para todos. | B86: IDRD | C86: CONTRATISTA | D86: 4737787374 | E86: =+D86/F287 -> 6064.4299 | F86: 0.34 | G86: =+E86*F86 -> 2061.9062 | I86: 0 | J86: Del 26/11/1999 al 25/11/2019 | K86: Del 30/10/2017 al 18/12/2018 | M86: =+G86 -> 2061.9062 | N86: CUMPLE 492415 | S86: RUP PG 143
A87: TOTALES | H87: CUMPLE | I87: =SUM(I79:I86) -> 24137.804 | J87: CUMPLE | L87: CUMPLE | M87: =SUM(M79:M85) -> 8756.0907 | N87: CUMPLE
A88: EXPERIENCIA DEL PROPONENTE | N88: CUMPLE
A90: =+'RESUMEN EVALUACIÓN'!A12 -> 7 | B90: =+'RESUMEN EVALUACIÓN'!B12 -> CONSORCIO TOBERIN 04
A91: CONDICIONES DE EXPERIENCIA | H91: CONDICION N°. 1 (VER TABLA AL FINAL DE LA HOJA) | J91: CONDICION N° 2 (VER TABLA AL FINAL DE LA HOJA) | L91: CONDICION N°. 3 (VER TABLA AL FINAL DE LA HOJA) | N91: CODIGO UNSPSC 492415, 721531, 721413, 721411,721033, 721029, 492215, 561016, 561019 | O91: FORMATO Nro. 7 PERSONAL MÍNIMO REQUERIDO | P91: FORMATO Nro.14 REQUISITOS MINIMOS HABILITANTES TECNICOS MAQUINARIA | Q91: FORMATO Nro. 16 ACUERDO DE NIVELES DE SERVICIOS (ANS) | R91: Observación y respuesta a observaciones
A92: Objeto del Contrato | B92: Empleador | C92: Cargo | D92: Valor Contrato | E92: Valor del Contrato en SMMLV | F92: Participación UT/CONSORCIO | G92: Participación en SMMLV | H92: Cantidad exigida | I92: Cantidad aportada | J92: Término de ejecución exigido | K92: Término de ejecución aportado | L92: Valor exigido SMMLV | M92: Valor aportado
A93: PROMCIVILES SAS - 80%
A94: CONTRATAR A PRECIOS UNITARIOS FIJOS SIN FORMULA DE REAJUSTE A MONTO AGOTABLE, DIAGNOSTICO, CONSTRUCCIÓN, MANTENIMIENTO, ADECUACIÓN Y DOTACIÓN DE MOBILIARIO DE LOS PARQUES CATALOGADOS COMO VECINALES Y DE BOLSILLO EN LA LOCALIDAD DE USAQUEN . | B94: FONDO DE DESARROLLO LOCAL DE USAQUEN | C94: CONTRATISTA | D94: 2883324201 | E94: =D94/F284 -> 4474.7795 | F94: 1 | G94: =+E94*F94 -> 4474.7795 | H94: 16000 | I94: =21481.6*F94 -> 21481.6 | J94: Del 26/11/1999 al 25/11/2019 | K94: Del 20/10/2014 al 17/06/2015 | L94: =+$C$246 -> 2613.2566 | M94: =+G94 -> 4474.7795 | N94: CUMPLE | O94: CUMPLE | P94: CUMPLE | Q94: CUMPLE
A95: CONTRATAR MEDIANTE EL SISTEMA DE PRECIOS UNITARIOS FIJOS EL MANTENIMIENTO DE LA INFRAESTRUCTURA FISICA DE LOS PARQUES QUE CONFORMAN EL SISTEMA DISTRITAL DE PARQUES | B95: IDRD | C95: CONTRATISTA | D95: 6700000000 | E95: =D95/F287 -> 8576.0878 | F95: 0.92 | G95: =+E95*F95 -> 7890.0008 | I95: =200754.8*F95 -> 184694.42 | J95: Del 26/11/1999 al 25/11/2019 | K95: Del 11/102017 al 10/05/2018 | M95: =+G95 -> 7890.0008 | N95: CUMPLE
A96: CONTRATAR MEDIANTE EL SISTEMA DE PRECIOS UNITARIOS FIJOS EL SUMINISTRO DE MOBILIARIO URBANO ASI COMO EL MANTENIMIENTO DE LA INFRAESTRUCTURA FISICA DE LOS PARQUES VECINALES Y DE BOLSILLO QUE CONFORMAN EL SISTEMA DISTRITAL DE PARQUES GRUPO 1 | B96: IDRD | C96: CONTRATISTA | D96: 9073000000 | E96: =D96/F287 -> 11613.559 | F96: 0.98 | G96: =+E96*F96 -> 11381.288 | I96: =3567.17*F96 -> 3495.8266 | J96: Del 26/11/1999 al 25/11/2019 | K96: Del 18/11/2019 al 17/05/2018 | M96: =+G96 -> 11381.288 | N96: CUMPLE
A97: CONTRATAR A PRECIOS UNITARIOS FIJOS SIN FORMULA DE REAJUSTE EL MANTENIMIENTO INTEGRAL Y/O ADECUACION Y/O RECUPERACION Y/O DOTACIÓN DE LA INFRAESTRUCTURA FISICA DE LOS PARQUES CATALOGADOS COMO VECINALES Y DE BOLSILLO UBICADOS EN LA LOCALIDAD DE RAFAEL URIBE URIBE QUE ESTEN DEBIDAMENTE CERTIFICADOS Y GEOREFERENCIADOS Y EL DADEP Y QUE PERTENEZCAN AL SISTEMA DISTRITAL DE PARQUES Y ESCENARIOS DEL DISTRITO CAPITAL | B97: FONO DE DESARROLLO LOCAL DE RAFAEL URIBE URBIE | C97: CONTRATISTA | D97: 1930687163 | E97: =D97/F286 -> 2617.1108 | F97: 0.05 | G97: =+E97*F97 -> 130.85554 | I97: =24746*F97 -> 1237.3 | J97: Del 26/11/1999 al 25/11/2019 | K97: Del 26/01/2017 al 8/10/2017 | M97: =+G97 -> 130.85554 | N97: CUMPLE
A98: CONTRATAR POR EL SISTEMA DE PRECIOS GLOBAL FIJO LOS ESTUDIOS Y DISEÑOS TECNICOS Y POR EL SISTEMA DE PRECIOS UNITARIOS FIJOS SIN FORMULA DE AJUSTE LA CONSTRUCCIÓN Y ADECUACIÓN DE DIFERENTES PARQUES UBICADOS EN LA LOCALIDAD DE CHAPINERO DE BOGOTA | B98: IDRD | C98: CONTRATISTA | D98: 1043258137 | E98: =D98/F284 -> 1619.0861 | F98: 0.8 | G98: =+E98*F98 -> 1295.2689 | I98: =4139*F98 -> 3311.2 | J98: Del 26/11/1999 al 25/11/2019 | K98: Del 17/03/2009 al 29/11/2019 | M98: =+G98 -> 1295.2689 | N98: CUMPLE | R98: PARA EL CALCULO DEL AREA INTERVENIDA EN EL CONTRATO SE TOMARON EN CUENTA LOS SIGUIENTES ITEMS: 7,3 - 7,4 - 7,8 - 7,9 - 7,11 - 7,15 - y 7,16 DEL ACTA DE RECIBO FINAL.
A99: REALIZAR LA COSNTRUCCIÓN MANTENIMIENTO Y ADECUACION D ELOS PARQUES VECINALES Y DE BOLSILLO POR EL SISTEMA DE PRECISO UNITARIOS FIJOS A MONTO AGOTABLE EN LA LOCLAIDAD DE CIUDAD BOLIVAR. | B99: FONDO DE DESARROLLO LOCAL DE CIUDAD BOLIVAR | C99: CONTRATISTA | D99: 8200000000 | E99: =D99/F288 -> 9901.9944 | F99: 0.7 | G99: =+E99*F99 -> 6931.3961 | I99: =6029.61*F99 -> 4220.727 | J99: Del 26/11/1999 al 25/11/2019 | K99: Del 22/02/2018 al 10/01/2019 | M99: =+G99 -> 6931.3961 | N99: CUMPLE
A101: PROMOTORA PUGA - 20%
A102: CONTRATAR A PRECIOS UNITARIOS FIJOS SIN FORMULA DE REAJUSTE EL MANTENIMIENTO INTEGRAL Y/O ADECUACION Y/O RECUPERACION Y/O DOTACIÓN DE LA INFRAESTRUCTURA FISICA DE LOS PARQUES CATALOGADOS COMO VECINALES Y DE BOLSILLO UBICADOS EN LA LOCALIDAD DE RAFAEL URIBE URIBE QUE ESTEN DEBIDAMENTE CERTIFICADOS Y GEOREFERENCIADOS Y EL DADEP Y QUE PERTENEZCAN AL SISTEMA DISTRITAL DE PARQUES Y ESCENARIOS DEL DISTRITO CAPITAL | B102: FONDO DE DESARROLLO LOCAL DE USAQUEN | C102: CONTRATISTA | D102: 2888324291 | E102: =D102/F284 -> 4482.5394 | F102: 0.85 | G102: =+E102*F102 -> 3810.1585 | I102: =24746*F102 -> 21034.1 | J102: Del 26/11/1999 al 25/11/2019 | K102: Del 20/10/2019 al 17/06/2015 | M102: =+G102 -> 3810.1585 | N102: CUMPLE
A103: CONTRATAR POR EL SISTEMA DE PRECIOS GLOBAL FIJO LOS ESTUDIOS Y DISEÑOS TECNICOS Y POR EL SISTEMA DE PRECIOS UNITARIOS FIJOS SIN FORMULA DE AJUSTE LA CONSTRUCCIÓN Y ADECUACIÓN DE DIFERENTES PARQUES UBICADOS EN LA LOCALIDAD DE CHAPINERO DE BOGOTA | B103: IDRD | C103: CONTRATISTA | D103: 6700000000 | E103: =D103/F287 -> 8576.0878 | F103: 0.2 | G103: =+E103*F103 -> 1715.2176 | I103: =4139*F103 -> 827.8 | J103: Del 26/11/1999 al 25/11/2019 | K103: Del 11/10/207 al 10/07/2018 | M103: =+G103 -> 1715.2176 | N103: CUMPLE | R103: PARA EL CALCULO DEL AREA INTERVENIDA EN EL CONTRATO SE TOMARON EN CUENTA LOS SIGUIENTES ITEMS: 7,3 - 7,4 - 7,8 - 7,9 - 7,11 - 7,15 - y 7,16 DEL ACTA DE RECIBO FINAL.
A104: REALIZAR LA COSNTRUCCIÓN MANTENIMIENTO Y ADECUACION D ELOS PARQUES VECINALES Y DE BOLSILLO POR EL SISTEMA DE PRECISO UNITARIOS FIJOS A MONTO AGOTABLE EN LA LOCLAIDAD DE CIUDAD BOLIVAR. | B104: IDRD | C104: CONTRATISTA | D104: 9073000000 | E104: =D104/F287 -> 11613.559 | F104: 0.25 | G104: =+E104*F104 -> 2903.3897 | I104: =6029.61*F104 -> 1507.4025 | J104: Del 26/11/1999 al 25/11/2019 | K104: Del 18/11/2917 al 01/08/2018 | M104: =+G104 -> 2903.3897 | N104: CUMPLE
A105: TOTALES | H105: CUMPLE | J105: CUMPLE | L105: CUMPLE | M105: =SUM(M94:M103) -> 37628.965 | N105: CUMPLE
A106: EXPERIENCIA DEL PROPONENTE | N106: CUMPLE
A109: =+'RESUMEN EVALUACIÓN'!A13 -> 8 | B109: =+'RESUMEN EVALUACIÓN'!B13 -> CONSORCIO UNIOBRAS 2020 USA
A110: CONDICIONES DE EXPERIENCIA | H110: CONDICION N°. 1 (VER TABLA AL FINAL DE LA HOJA) | J110: CONDICION N° 2 (VER TABLA AL FINAL DE LA HOJA) | L110: CONDICION N°. 3 (VER TABLA AL FINAL DE LA HOJA) | N110: CODIGO UNSPSC 492415, 721531, 721413, 721411,721033, 721029, 492215, 561016, 561019 | O110: FORMATO Nro. 7 PERSONAL MÍNIMO REQUERIDO | P110: FORMATO Nro.14 REQUISITOS MINIMOS HABILITANTES TECNICOS MAQUINARIA | Q110: FORMATO Nro. 16 ACUERDO DE NIVELES DE SERVICIOS (ANS) | R110: Observación y respuesta a observaciones
A111: Objeto del Contrato | B111: Empleador | C111: Cargo | D111: Valor Contrato | E111: Valor del Contrato en SMMLV | F111: Participación UT/CONSORCIO | G111: Participación en SMMLV | H111: Cantidad exigida | I111: Cantidad aportada | J111: Término de ejecución exigido | K111: Término de ejecución aportado | L111: Valor exigido SMMLV | M111: Valor aportado
A112: UNIOBRAS LTDA - 95%
A113: CONTRATAR POR EL SISTEMA DE PRECIO GLOBAL FIJO LOS ESTUDIOS Y DISEÑOS TECNICOS GENERALES DEL PARQUE Y POR EL SISTEMA DE PRECIOS UNITARIOS FIJOS SIN FORMULA DE AJUSTE LAS OBRAS DE LA CONSTRUCCIÓN DE LA PRIMERA ETAPA DEL PARQUE METROPOLITANO ZONA FRANCA COD 09-125 | B113: IDRD | C113: CONTRATISTA | D113: 4840973241 | E113: =D113/F286 -> 6562.1007 | F113: 0.74 | G113: =+E113*F113 -> 4855.9545 | H113: 16000 | I113: =15348*F113 -> 11357.52 | J113: Del 26/11/1999 al 25/11/2019 | K113: Del 23/07/2015 al 30/04/2017 | L113: =+$C$246 -> 2613.2566 | M113: =+G113 -> 4855.9545 | N113: CUMPLE | O113: CUMPLE | P113: CUMPLE | Q113: CUMPLE
A114: REALIZAR POR EL SISTEMA DE PRECIO GLOBAL FIJO LOS ESTUDIOS Y DISEÑOS TECNICOS Y POR EL SISTEMA DE PRECIOS UNITARIOS FIJOS LA COSNTRUCCIÓN DE LA PISTA DE BMX DEL PARQUE SIMON BOLIVAR SECTOR SALITRE MAGICO CODIGO 12-2017 EN BOGOTA DC CON CARGO AL PROYECTO 1082 CONSTRUCCION Y ADECUACION DE PARQUES Y EQUIPAMENTO PARA TODO. | B114: IDRD | C114: CONTRATISTA | E114: =D114/F288 -> 0 | F114: 0.9 | G114: =+E114*F114 -> 0 | I114: =12538.95*F114 -> 11285.055 | J114: Del 26/11/1999 al 25/11/2019 | K114: Del 22/11/2017 al 24/06/2019 | M114: =+G114 -> 0 | N114: CUMPLE
A115: REALIZAR POR EL SISTEMA DE PRECIOS GLOBAL FIJO LOS ESTUDIOS Y DISÑOS TECNICOS Y POR EL SISTEMA DE PRECIOS UNITARIOS FIJOS LA COSNTRUCCIÓN DE PARQUES EN LA LOCALIDAD OCTAVA DE KENNEDY BOGOTA DC. | B115: ALCALDIA LOCLA DE KENNEDY | C115: CONTRATISTA | D115: 5964178060 | E115: =D115/F288 -> 7202.1046 | F115: 0.74 | G115: =+E115*F115 -> 5329.5574 | I115: =19344.19*F115 -> 14314.701 | J115: Del 26/11/1999 al 25/11/2019 | K115: Del 23/04/2018 al 20/06/2019 | M115: =+G115 -> 5329.5574 | N115: CUMPLE
A117: JOSE ARVEY FORERO SOTO - 5%
A118: CONTRATAR POR EL SISTEMA DE PRECIOS GLOBAL FIJO LOS DISEÑOS Y ESTUDIOS TECNICOS DE LA PLAZOLETA DE SKATERS Y POR SISTEMA DE PRECIOS UNITARIOS FIJOS SIN FORMULA DE REAJUSTE LA CONSTRUCCION DE LAS OBRAS DE LA SEGUNDA ETAPA DE LA PLAZOLETA DE SKATERS DEL PARQUES ZONAL FONTANAR DEL RIO. | B118: IDRD | C118: CONTRATISTA | D118: 4410100820 | E118: =D118/F285 -> 6396.5028 | F118: 0.6 | G118: =+E118*F118 -> 3837.9017 | I118: =7307.96*F118 -> 4384.776 | J118: Del 26/11/1999 al 25/11/2019 | K118: Del 05/10/2015 al 04/09/2016 | M118: =+G118 -> 3837.9017 | N118: CUMPLE
A119: CONSTRUCCIÓN DEL PARQUE LA SEÑORITA PRIMERA ETAPA EN EL MUNICIPIO DE BELLO | B119: AREA METROPOLITANA DE ABURRA | C119: CONTRATISTA | E119: =D119/F282 -> 0 | F119: 0.9 | G119: =+E119*F119 -> 0 | I119: =11346.23*F119 -> 10211.607 | J119: Del 26/11/1999 al 25/11/2019 | K119: Del 22/07/2013 al 17/10/2013 | M119: =+G119 -> 0 | N119: CUMPLE
A120: EJECUTAR A PRECIO GLOBAL FIJO LOS DISEÑOS Y ESTUDIOS TECNICOS Y POR EL SISTEMA DE PRECIOS UNITARIOS FIJOS SIN FORMULA DE REAJUSTE LA COSNTRUCCION, ADECUACION Y MEJORAMIENTO DE PARQUES DE LA LOCALIDAD DE CHAPINERO Y RAFAEL URIBE URIBE DEL DISTRITO CAPITAL DE BOGOTÁ | B120: IDRD | C120: CONTRATISTA | E120: =D120/F275 -> 0 | F120: 0.5 | G120: =+E120*F120 -> 0 | J120: Del 26/11/1999 al 25/11/2019 | K120: Del 27/02/2006 al 26/09/2006 | M120: =+G120 -> 0 | N120: CUMPLE
A121: TOTALES | H121: CUMPLE | J121: CUMPLE | L121: CUMPLE | M121: =SUM(M113:M119) -> 14023.414 | N121: CUMPLE
A122: EXPERIENCIA DEL PROPONENTE | N122: CUMPLE
A125: =+'RESUMEN EVALUACIÓN'!A14 -> 9 | B125: =+'RESUMEN EVALUACIÓN'!B14 -> CONSORCIO USAQUEN GV-CJS
...

Sheet K RESIDUAL
A1: FONDO DE DESARROLLO LOCAL DE USAQUEN
A2: LICITACION PUBLICA - FDLUSA-LP-004-2019
A3: Verificación Capacidad Residual
A5: 1 | N5: =+'RESUMEN EVALUACIÓN'!B6 -> CONSORCIO CQ USAQUEN
A28: 2 | N28: =+'RESUMEN EVALUACIÓN'!B7 -> CONSORCIO INTERAPIA USA
A51: 3 | N51: =+'RESUMEN EVALUACIÓN'!B8 -> CONSORCIO MONSERRATE
A74: 4 | N74: =+'RESUMEN EVALUACIÓN'!B9 -> CONSORCIO PARQUES CJ
A97: 5 | N97: =+'RESUMEN EVALUACIÓN'!B10 -> CONSORCIO PARQUES USAQUEN
A120: 6 | N120: =+'RESUMEN EVALUACIÓN'!B11 -> CONSORCIO SAN ALEJANDRO
A143: 7 | N143: =+'RESUMEN EVALUACIÓN'!B12 -> CONSORCIO TOBERIN 04
A166: 8 | N166: =+'RESUMEN EVALUACIÓN'!B13 -> CONSORCIO UNIOBRAS 2020 USA
A189: 9 | N189: =+'RESUMEN EVALUACIÓN'!B14 -> CONSORCIO USAQUEN GV-CJS
A212: 10 | N212: =+'RESUMEN EVALUACIÓN'!B15 -> CONSORCIO VALHER
A235: 11 | N235: =+'RESUMEN EVALUACIÓN'!B16 -> CUT
A258: 12 | N258: =+'RESUMEN EVALUACIÓN'!B17 -> ESTUDIOS E INGENIERIA SAS
A281: 13 | N281: HÁBIL
A304: 14 | N304: =+'RESUMEN EVALUACIÓN'!B19 -> IMAGEN Y MARCA S.A.S
A327: 15 | N327: =+'RESUMEN EVALUACIÓN'!B20 -> INGEDEUR SAS
A350: 16 | N350: =+'RESUMEN EVALUACIÓN'!B21 -> PROFESIONALES ASOCIADOS LTDA
A373: 17 | N373: =+'RESUMEN EVALUACIÓN'!B22 -> SIMA LTDA

Sheet F. PONDERABLES 
A1: FONDO DE DESARROLLO LOCAL DE USAQUEN
A2: LICITACION PUBLICA - FDLUSA-LP-004-2019
A3: FACTORES PONDERABLES
A7: FACTORES PONDERABLES / PUNTAJE FINAL | C7: SUMATORIA DEL COSTO DIRECTO DE OBRA Y COSTOS INDIRECTOS (74 PUNTOS) | D7: CALIDAD (15 PUNTOS) | E7: INCENTIVO INDUSTRIAL NACIONAL (10 PUNTOS) | F7: PUNTAJE ADICIONAL PROPUESTAS CON TRABAJADORES CON DISCAPACIDAD (1 PUNTO) | G7: PUNTAJE TOTAL | H7: OBSERVACIONES
A8: 1 | B8: =+'RESUMEN EVALUACIÓN'!B6 -> CONSORCIO CQ USAQUEN | D8: 15 | E8: 10 | F8: 1 | G8: =SUM(C8:F8) -> 26
A9: 2 | B9: =+'RESUMEN EVALUACIÓN'!B7 -> CONSORCIO INTERAPIA USA | D9: 15 | E9: 10 | F9: 1 | G9: =SUM(C9:F9) -> 26
A10: 3 | B10: =+'RESUMEN EVALUACIÓN'!B8 -> CONSORCIO MONSERRATE | D10: 15 | E10: 10 | F10: 1 | G10: =SUM(C10:F10) -> 26
A11: 4 | B11: =+'RESUMEN EVALUACIÓN'!B9 -> CONSORCIO PARQUES CJ | D11: 15 | E11: 10 | F11: 1 | G11: =SUM(C11:F11) -> 26
A12: 5 | B12: =+'RESUMEN EVALUACIÓN'!B10 -> CONSORCIO PARQUES USAQUEN | D12: 0 | E12: 0 | F12: 0 | G12: =SUM(C12:F12) -> 0
A13: 6 | B13: =+'RESUMEN EVALUACIÓN'!B11 -> CONSORCIO SAN ALEJANDRO | D13: 15 | E13: 10 | F13: 1 | G13: =SUM(C13:F13) -> 26
A14: 7 | B14: =+'RESUMEN EVALUACIÓN'!B12 -> CONSORCIO TOBERIN 04 | D14: 15 | E14: 10 | F14: 1 | G14: =SUM(C14:F14) -> 26
A15: 8 | B15: =+'RESUMEN EVALUACIÓN'!B13 -> CONSORCIO UNIOBRAS 2020 USA | D15: 15 | E15: 10 | F15: 1 | G15: =SUM(C15:F15) -> 26
A16: 9 | B16: =+'RESUMEN EVALUACIÓN'!B14 -> CONSORCIO USAQUEN GV-CJS | D16: 15 | E16: 10 | F16: 1 | G16: =SUM(C16:F16) -> 26
A17: 10 | B17: =+'RESUMEN EVALUACIÓN'!B15 -> CONSORCIO VALHER | D17: 15 | E17: 10 | F17: 1 | G17: =SUM(C17:F17) -> 26
A18: 11 | B18: =+'RESUMEN EVALUACIÓN'!B16 -> CUT | D18: 15 | E18: 10 | F18: 1 | G18: =SUM(C18:F18) -> 26
A19: 12 | B19: =+'RESUMEN EVALUACIÓN'!B17 -> ESTUDIOS E INGENIERIA SAS | D19: 15 | E19: 10 | F19: 1 | G19: =SUM(C19:F19) -> 26
... A24: 17 | B24: =+'RESUMEN EVALUACIÓN'!B22 -> SIMA LTDA | D24: 15 | E24: 10 | F24: 1 | G24: =SUM(C24:F24) -> 26
